 Dungeon Crawl Stone Soup version 0.29.1-13-g9f3cf754e1 (webtiles) character file.

Game seed: 7970698215465217624

1 croobank the Sneak (level 1, -2/19 HPs)
             Began as a Draconian Delver on Jan 29, 2023.
             Slain by a howler monkey (5 damage)
             ... on level 4 of the Dungeon.
             The game lasted 00:01:11 (90 turns).

croobank the Sneak (Draconian Delver)                 Turns: 90, Time: 00:01:12

Health: -2/19      AC:  4    Str: 14    XL:     1   Next: 16%
Magic:  1/1        EV: 12    Int: 10    God:
Gold:   14         SH:  0    Dex: 12    Spells: 0/0 levels left

rFire   . . .      SeeInvis .   a - +0 hand axe
rCold   . . .      Faith    .   (no shield)
rNeg    . . .      Spirit   .   (body armour unavailable)
rPois   .          Reflect  .   (helmet restricted)
rElec   .          Harm     .   (no cloak)
rCorr   .          Rampage  .   (no gloves)
Will    .....                   (no boots)
Stlth   +++.......              (no amulet)
HPRegen 0.06/turn               (no ring)
MPRegen 0.07/turn               (no ring)

@: no status effects
A: AC +4, unfitting armour, cold-blooded
a: no special abilities


You were on level 4 of the Dungeon.
You visited 1 branch of the dungeon, and saw 3 of its levels.

You collected 14 gold pieces.

Inventory:

Hand Weapons
 a - a +0 hand axe (weapon)
Magical Staves
 g - a staff of air
 i - a staff of fire
Wands
 f - a wand of digging (3)
Scrolls
 b - a scroll of fog


   Skills:
 + Level 3.3 Fighting
 + Level 2.0 Axes
 + Level 1.8 Dodging
 + Level 4.5 Stealth


You couldn't memorise any spells.
You didn't know any spells.
Your spell library was empty.

Dungeon Overview and Level Annotations

Branches:
Dungeon (6/15)
 Temple: D:4-7

Altars:

Shops:
D:4 *

Annotations:
D:4 Edmund


Innate Abilities, Weirdness & Mutations

Your plain brown scales are hard. (AC +4)
You cannot fit into any form of body armour.
You are cold-blooded and may be slowed by cold attacks.


Message History

The ball python hisses angrily.
You hit the goblin.
The goblin is heavily wounded.
You barely miss the adder. The goblin hits you with a +0 club.
The adder closely misses you.
An orc comes into view. It is wielding a +0 club.
The adder barely misses you. The goblin hits you with a +0 club.
An orc priest comes into view. It is wielding a +0 mace.
The adder closely misses you. The goblin hits you with a +0 club.
The adder closely misses you.
As you read the scroll of fear, it crumbles to dust.
You assume a fearsome visage.
Edmund looks frightened!
The endoplasm looks frightened!
The ball python looks frightened!
The kobold looks frightened!
The adder looks frightened!
The goblin looks frightened!
The orc looks frightened!
The orc priest looks frightened!
An orc wizard comes into view. It is wielding a +0 dagger.
The orc wizard moves out of view.
A howler monkey comes into view.
The howler monkey howls!
The orc wizard shouts!
You hear a shout! x2
Found a stone staircase leading up.
The howler monkey misses you.
The orc wizard mumbles some strange words.
The orc wizard flickers and vanishes!
Deactivating autopickup; reactivate with Ctrl-A.
An orc comes into view. It is wielding a +0 flail.
A worm comes into view.
The howler monkey hits you.
* * * LOW HITPOINT WARNING * * *
2 orcs come into view.
The orc moves out of view. x2
You aren't carrying any potions.
As you read the scroll labelled KITIURUMEP, it crumbles to dust.
Wisps of shadow whirl around you...
It was a scroll of summoning.
The howler monkey hits you.
* * * LOW HITPOINT WARNING * * *
An orc comes into view. It is wielding a +0 club.
Found Qyma's Neck Hole.
The orc shouts!
Something hits your hobgoblin. The howler monkey hits you.
You die...

.o#......#.# #
#.........###. .
#∩####..........
..#.##............
.#...#.#....####..
#.....#.....# #
#.....#..o..#..
#.#w.hg......
#..K@###.....#
..<......# ...#...
.........o...## ##
......##......
...... .......
#####. ....... #.
....o.. .......


You could see a worm (ally target), a howler monkey (ally target), 2 orcs, a
friendly orc (summoned, wandering), a friendly hobgoblin (summoned) and a
friendly kobold (summoned).

Vanquished Creatures
  A jackal (D:4)
1 creature vanquished.

Notes
Turn   | Place    | Note
-------+----------+-------------------------------------------
     0 | D:5      | croobank the Draconian Delver began the quest for the Orb.
     0 | D:5      | Reached XP level 1. HP: 19/19 MP: 1/1
    14 | D:6      | Noticed an iguana
    40 | D:5      | Noticed a gnoll bouda
    69 | D:4      | Noticed Edmund
    80 | D:4      | Noticed an orc priest
    82 | D:4      | Noticed an orc wizard
    83 | D:4      | Noticed a howler monkey
    90 | D:4      | Found Qyma's Neck Hole.
    90 | D:4      | Slain by a howler monkey

Illustrated notes

Levels and vault maps discovered:
D:4:      layout_rooms, ebering_ghost_sewer_f,
          nicolae_shop_sticking_my_neck_out, uniq_edmund, uniq_blork_the_orc
D:5:      layout_loops_ring, lemuel_tele_altar, serial_rivers,
          chequers_serial_rivers_small_a, chequers_serial_rivers_small_3,
          chequers_serial_rivers_micro_a, chequers_serial_rivers_marsh,
          chequers_serial_rivers_micro_b
D:6:      layout_cave_pods, minmay_temple_entry_ruins, uniq_prince_ribbit1

Action                   || total
-------------------------++-------
Melee: Hand axe          ||     5
       Tailslap          ||     1
  Use: Scroll            ||     3
       Potion            ||     1
Armor: Skin              ||     2
Dodge: Dodged            ||     8
